Construct Weapon Support Center
Selects Airborne Battlegroup
Construct Medical Station
Selects Paratrooper Squad Paradrop
Paratrooper Squad Paradrop
Paratrooper Squad Paradrop
Improved M9 Bazooka Rockets
Selects Anti-tank Gun Team Paradrop
Anti-tank Gun Team Paradrop
Paratrooper Squad Paradrop
M4(105) Sherman Bulldozer
M18 Hellcat Tank Destroyer
Selects Carpet Bombing Run
M18 Hellcat Tank Destroyer
M4(105) Sherman Bulldozer
M18 Hellcat Tank Destroyer
Anti-tank Gun Team Paradrop
M18 Hellcat Tank Destroyer